 Dungeon Crawl Stone Soup version 0.27-a0-124-g19cb506db8 (webtiles) character file.

Game seed: 14274320426716695529

110 tilp the Sneak (level 4, 0/29 HPs)
             Began as an Octopode Transmuter on Jan 25, 2021.
             Was an Initiate of Kikubaaqudgha.
             Slain by an adder (2 damage)
             ... in a sewer.
             The game lasted 00:05:53 (3676 turns).

tilp the Sneak (Octopode Transmuter)                Turns: 3676, Time: 00:05:53

Health: 0/29       AC:  1    Str:  9    XL:     4   Next: 91%
Magic:  7/7        EV: 13    Int: 16    God:    Kikubaaqudgha [......]
Gold:   65         SH:  0    Dex: 12    Spells: 4/7 levels left

rFire    . . .     SeeInvis .     - Unarmed
rCold    . . .     Faith    .   (no shield)
rNeg     . . .     Spirit   .   (helmet restricted)
rPois    +         Reflect  .   (no amulet)
rElec    .         Harm     .   j - ring of poison resistance
rCorr    .         Rampage  .   (no ring)
Will     .....                  (no ring)
Stlth    ++++......             (no ring)
HPRegen  0.09/turn              (no ring)
MPRegen  0.10/turn              (no ring)
                                (no ring)
                                (no ring)

@: no status effects
A: almost no armour, stealthy swim, amphibious, 8 rings, constrict 8, camouflage
1, gelatinous body 1
a: Renounce Religion


You were in a sewer.
You worshipped Kikubaaqudgha.
Kikubaaqudgha was noncommittal.
You visited 1 branch of the dungeon, and saw 3 of its levels.
You also visited: Sewer.

You collected 65 gold pieces.

Inventory:

Missiles
 a - 139 stones
 m - 5 boomerangs (quivered)
Armour
 d - a +0 kite shield
Jewellery
 j - a ring of poison resistance (left tentacle)
Scrolls
 h - a scroll of remove curse
Potions
 e - 4 potions of brilliance
 f - 2 potions of mutation
 g - a potion of resistance
 i - a potion of magic


   Skills:
 - Level 2.0 Fighting
 - Level 2.0 Dodging
 - Level 4.0 Stealth
 - Level 4.0 Unarmed Combat
 - Level 2.0 Spellcasting
 + Level 2.2 Transmutations


You had 4 spell levels left.
You knew the following spells:

 Your Spells              Type           Power        Failure   Level
a - Beastly Appendage     Tmut           16%          9%          1
b - Wereblood             Tmut           8%           12%         2

Your spell library contained the following spells:

 Spells                   Type           Power        Failure   Level
 Spider Form              Tmut/Pois      2%           36%         3
 Ice Form                 Ice/Tmut       5%           78%         4
 Blade Hands              Tmut           4%           92%         5


Dungeon Overview and Level Annotations

Branches:
Dungeon (3/15)              Sewer (1/1)

Altars:
Kikubaaqudgha
Yredelemnul
The Shining One


Innate Abilities, Weirdness & Mutations

You cannot wear most types of armour.
You are very stealthy in the water. (Stealth+)
You are amphibious.
You can wear up to eight rings at the same time.
You can use your tentacles to constrict eight enemies at once.
Your skin changes colour to match your surroundings (Stealth+).
Your rubbery body absorbs attacks. (AC +1, EV +1)


Message History

The adder is moderately wounded.
The adder closely misses you. The adder bites you.
* * * LOW HITPOINT WARNING * * *
Unknown command.
You closely miss the adder. Your grab misses the adder.
The adder is moderately wounded.
The adder bites you.
* * * LOW HITPOINT WARNING * * *
The adder closely misses you. The adder bites you.
* * * LOW HITPOINT WARNING * * *
Unknown command.
Okay, then.
Unknown command.
The adder barely misses you. The adder misses you.
You see here a rat corpse.
The adder misses you. x2
The adder bites you.
You die...
Kikubaaqudgha rasps: "You have failed me!
Welcome... death!"

#≈≈≈≈≈≈#
#≈≈≈≈≈≈#
#≈≈≈≈≈≈#
#≈≈≈#≈≈#
#≈≈≈≈≈≈#
#≈≈≈≈.≈#
#≈≈≈≈≈≈#
#≈.≈≈≈≈#
#≈≈@≈≈≈#
#≈≈SS≈≈#
#≈≈†≈≈≈#
#≈≈≈≈≈≈#
#≈≈≈≈≈≈#
#....≈##
#†.....#
#......##
#.......#


You could see 2 adders.

Vanquished Creatures
  A worker ant (D:2)
  A river rat (Sewer)
  2 adders (D:2)
  A worm (D:2)
  A dart slug (D:2)
  2 leopard geckos
  An orc (D:3)
  A ball python (D:3)
  7 bats
  5 goblins
  9 hobgoblins
  3 jackals (D:2)
  A quokka (D:2)
  6 frilled lizards
  4 kobolds
  7 rats
52 creatures vanquished.

Notes
Turn   | Place    | Note
-------+----------+-------------------------------------------
     0 | D:1      | tilp the Octopode Transmuter began the quest for the Orb.
     0 | D:1      | Reached XP level 1. HP: 13/13 MP: 3/3
    16 | D:1      | Reached skill level 1 in Stealth
   230 | D:1      | Reached XP level 2. HP: 5/18 MP: 1/5
   236 | D:1      | Learned a level 2 spell: Wereblood
  1324 | D:2      | Reached XP level 3. HP: 23/23 MP: 4/6
  1365 | D:2      | Found a glowing golden altar of the Shining One.
  2223 | D:2      | Found an ancient bone altar of Kikubaaqudgha.
  2234 | D:2      | Reached XP level 4. HP: 29/29 MP: 5/7
  3261 | D:2      | Found a basalt altar of Yredelemnul.
  3523 | D:2      | Became a worshipper of Kikubaaqudgha
  3587 | D:3      | Found a glowing drain.
  3600 | Sewer    | Entered a sewer
  3676 | Sewer    | Slain by an adder

Illustrated notes

Levels and vault maps discovered:
D:1:      dpeg_arrival_morbid_curiosity, layout_rooms, chequers_mini_garden,
          st_stairs_12, nrook_mini_vaults
D:2:      mumra_celtic_spiral_tile, layout_basic,
          nicolae_overflow_crystal_walls, kiku_gazebo_pond_becter,
          serial_co_window_serial, co_window_paths_a, co_window_cross_1,
          co_window_paths_a, co_window_paths_a, co_window_of_opportunity_a,
          co_window_unsneaky_path_b, co_window_corner_b, co_window_corner_b,
          glass_columns_a, glass_columns_a, glass_columns_a,
          minmay_misc_feat_diagonals, lemuel_altar_in_water
D:3:      layout_basic, overflow_temple_1_default, cheibrodos_sewer_entry_drain,
          minmay_splitting_lines, uniq_terence, uniq_ijyb
Sewer:    sewer_minmay_w

Skill      XL: |  1  2  3  4 |
---------------+-------------+-----
Stealth        | 2 4 |  4.0
Fighting       | 2 |  2.0
Unarmed Combat | 4 |  4.0
Dodging        | |  2.0
Spellcasting   | |  2.0
Transmutations | |  2.2

Action                   |  1- 3 |  4- 6 || total
-------------------------+-------+-------++-------
Melee: Unarmed           |    74 |    36 ||   110
       Constrict         |    19 |    13 ||    32
       Kick              |    13 |    10 ||    23
       Tentacles         |     6 |     4 ||    10
       Punch             |       |     1 ||     1
Throw: Stone             |    11 |       ||    11
       Boomerang         |       |     4 ||     4
 Cast: Beastly Appendage |    20 |    10 ||    30
       Wereblood         |     1 |     1 ||     2
  Use: Scroll            |     2 |     8 ||    10
       Potion            |       |     3 ||     3
 Stab: Sleeping          |     7 |     1 ||     8
Armor: Skin              |     5 |     2 ||     7
Dodge: Dodged            |    35 |    32 ||    67

Table legend: (Time is in decaauts)
 A = Elapsed time spent in this place.
 B = Non-inter-level travel time spent in this place.
 C = Inter-level travel time spent in this place.
 D = Time resting spent in this place.
 E = Time spent auto-exploring this place.
 F = Levels seen in this place.
 G = Mean time per level.
                   A        B        C        D        E       F      G
               +--------+--------+--------+--------+--------+-----+--------+
         Total |   3669 |   3485 |    184 |   1115 |   1939 |   4 |  917.2 |
       Dungeon |   3593 |   3409 |    184 |   1112 |   1898 |   3 | 1197.7 |
         Sewer |     76 |     76 |      0 |      3 |     41 |   1 |   76.0 |
               +--------+--------+--------+--------+--------+-----+--------+

Top non-repeatable levels by time:
     D:2: 2015 daAuts
     D:1: 1518 daAuts
   Sewer: 76 daAuts
     D:3: 59 daAuts
